 Dungeon Crawl Stone Soup version 0.16-a0-3212-g68818ff (webtiles) character file.

48 Johnny the Bolt Thrower (level 3, -3/28 HPs)
             Began as a Mummy Hunter on Dec 19, 2014.
             Slain by a goblin (4 damage)
             ... led by Robin
             ... on level 2 of the Dungeon.
             The game lasted 00:01:30 (1384 turns).

Johnny the Bolt Thrower (Mummy Hunter)              Turns: 1384, Time: 00:01:30

Health: -3/28      AC:  3    Str: 15    XL:     3   Next: 50%
Magic:  3/3        EV: 12    Int: 10    God:
Gold:   109        SH:  0    Dex: 13    Spells: 0 memorised, 2 levels left

rFire  x . .     SeeInvis .     a - +0 short sword
rCold  + . .     Clarity  .     d - +0 leather armour
rNeg   + + +     SustAb   .     (no shield)
rPois  ∞         Gourm    .     (no helmet)
rElec  .         Spirit   .     (no cloak)
rCorr  .         Warding  .     (no gloves)
rMut   .         Stasis   .     (no boots)
MR     .....                    (no amulet)
Stlth  +.........               (no ring)
                                (no ring)

@: not resistant to hostile enchantments, very unstealthy
A: no food or potions, fire vulnerability, restore body, cold resistance 1,
negative energy resistance 3, poison resistance, torment resistance, unbreathing
a: no special abilities


You were on level 2 of the Dungeon.
You were not hungry.

You visited 1 branch of the dungeon, and saw 2 of its levels.

You collected 109 gold pieces.

Inventory:

Hand weapons
 a - a +0 short sword (weapon)
 b - a +1 hand crossbow
Missiles
 c - a bolt
 l - 14 bolts of flame
Armour
 d - a +0 leather armour (worn)
Scrolls
 e - a scroll of amnesia {unknown}
 f - 2 scrolls of identify {unknown}
 g - 3 scrolls of remove curse {unknown}
 h - 2 scrolls of blinking {unknown}
 i - a scroll of teleportation {unknown}
 j - a scroll of recharging {unknown}
Books
 k - a book of Conjurations

   Spells                             Type                      Level
   a - Magic Dart                     Conjuration                  1
   b - Searing Ray                    Conjuration                  2
   c - Dazzling Spray                 Conjuration/Hexes            3
   d - Fulminant Prism                Conjuration/Hexes            4
   e - Iskenderun's Mystic Blast      Conjuration                  4
   f - Iskenderun's Battlesphere      Conjuration/Charms           5


   Skills:
 + Level 2.3 Fighting
 * Level 3.8 Crossbows
 + Level 1.1 Armour
 + Level 1.9 Dodging
 - Level 0.7 Stealth


You had 2 spell levels left.
You didn't know any spells.

Dungeon Overview and Level Annotations

Branches:
Dungeon (2/15)

Altars:

Annotations:
D:2 Robin


Innate Abilities, Weirdness & Mutations

You do not eat or drink.
Your flesh is vulnerable to fire.
Your flesh is cold resistant.
You are immune to negative energy.
Your system is resistant to poisons.
You are immune to unholy pain and torment.
You can survive without breathing.


Message History

Unknown command.
Wield which item (- for none, * to show all)? (? for menu, Esc to quit)
a - a +0 short sword (weapon)
The bat hits you but does no damage. The goblin closely misses you.
The goblin hits you.
* * * LOW HITPOINT WARNING * * *
The goblin hits you with a dagger.
* * * LOW HITPOINT WARNING * * *
You are too injured to fight recklessly!
You are too injured to fight recklessly!
Unknown command.
The bat hits you.
* * * LOW HITPOINT WARNING * * *
Robin roars a battlecry!
The goblin hits you but does no damage. x2
You hit the bat.
The bat is severely wounded.
The bat hits you but does no damage. Robin throws the goblin at you!
The goblin hits you but does no damage. The goblin hits you.
You die...

##..## #.# ...... ..
...... #.# #..## ..##
.. .. ######## #.b#
... #......# ..# ..#.
#......# #g## .#.
#......# #@g#
#......#.###gg###....
#.#
#..........(ggg....!)
#.#
#......###(g(g.......
#.# #......#
##.........
#.###......#
..........
#.#...######
........... # #.#...#
........)(. + #.#...#
#.........# .#


You could see Robin, a hobgoblin (frenzied), 7 goblins and a bat.

Vanquished Creatures
  An adder (D:2)
  An ooze (D:1)
  5 goblins
  7 hobgoblins
  4 jackals (D:1)
  4 kobolds (D:1)
  5 bats
  3 giant newts
  6 rats (D:1)
36 creatures vanquished.

Notes
Turn   | Place    | Note
--------------------------------------------------------------
     0 | D:1      | Johnny, the Mummy Hunter, began the quest for the Orb.
     0 | D:1      | Reached XP level 1. HP: 16/16 MP: 1/1
   124 | D:1      | Reached XP level 2. HP: 22/22 MP: 2/2
   472 | D:1      | Reached XP level 3. HP: 12/27 MP: 3/3
  1077 | D:1      | Reached skill level 1 in Armour
  1374 | D:2      | Noticed Robin
  1383 | D:2      | HP: 1/28 [bat (1)]
  1384 | D:2      | Slain by a goblin

Action                   || total
-------------------------++-------
Melee: Short sword       ||    23
 Fire: Hand crossbow     ||    99
